 Dungeon Crawl Stone Soup version 0.31.0-11-ge490571c62 (webtiles) character file.

Game seed: 7277360185042072899

26100 sanka the Grappler (level 12, -27/123 HPs)
             Began as a Troll Shapeshifter on Jan 26, 2024.
             Was an Elder of the Shining One.
             Annihilated by a death knight
             ... wielding a +0 glaive
              (34 damage)
             ... on level 13 of the Dungeon.
             The game lasted 00:27:46 (13293 turns).

sanka the Grappler (Troll Shapeshifter)            Turns: 13293, Time: 00:27:46

Health: -27/123    AC:  9    Str: 24 (25) XL:     12   Next: 95%
Magic:  13/13      EV:  8    Int:  5 (6)  God:    the Shining One [****..]
Gold:   719        SH: 18    Dex: 12 (13) Spells: 11/11 levels left

rFire   . .          .
                       - Unarmed
rCold   + . .        L - +0 kite shield
rNeg    + + .        Q - +0 acid dragon scales
rPois   .            (helmet restricted)
rElec   .            E - +0 cloak
rCorr   +            (gloves unavailable)
SInv    .            (boots unavailable)
Will    .....        (no amulet)
Stlth   +            H - ring of protection from cold
HPRegen 1.20/turn    T - ring of resist corrosion
MPRegen 0.13/turn

%: no passive effects
@: divinely shielded, glowing
A: large, unfitting armour, claws 3, regeneration 1, shaggy fur 1, tough skin 1,
low MP 1
a: Renounce Religion, Divine Shield, Cleansing Flame


You were on level 13 of the Dungeon.
You worshipped the Shining One.
The Shining One was greatly pleased with you.
You visited 2 branches of the dungeon, and saw 14 of its levels.
You also visited: Sewer.

You collected 719 gold pieces.


Innate Abilities, Weirdness & Mutations

You are too large for most types of armour.
You have claws for hands.
Your natural rate of healing is unusually fast.
You are covered in fur. (AC +1)
You have tough skin. (AC +1)
Your magical capacity is low. (-10% MP)


   Skills:
 + Level 9.2 Fighting
 - Level 1.5 Dodging
 + Level 8.9 Shields
 * Level 12.5 Unarmed Combat
 - Level 5.0 Invocations
 - Level 10.0 Shapeshifting


You had 11 spell levels left.
You didn't know any spells.
Your spell library contained the following spells:

 Spells                   Type           Power      Damage    Failure   Level
 Shock                    Conj/Air       0%         1d3       77%         1
 Summon Small Mammal      Summ           0%         N/A       77%         1
 Cigotuvi's Dreadful Rot  Necr/Alch/Air  0%         N/A       88%         2
 Lesser Beckoning         Tloc           0%         N/A       88%         2
 Call Canine Familiar     Summ           0%         N/A       98%         3
 Dazzling Flash           Conj/Hex       0%         N/A       98%         3
 Fugue of the Fallen      Necr           0%         N/A       98%         3
 Gell's Gravitas          Tloc           0%         N/A       98%         3
 Ozocubu's Armour         Ice            0%         N/A       98%         3
 Swiftness                Air            0%         N/A       98%         3
 Teleport Other           Tloc           0%         N/A       98%         3
 Tukima's Dance           Hex            0%         N/A       98%         3
 Volatile Blastmotes      Fire/Tloc      0%         2d10      98%         3
 Airstrike                Air            0%         2d(0-16)  100%        4
 Ignite Poison            Fire/Alch      0%         N/A       100%        4
 Manifold Assault         Tloc           0%         N/A       100%        4
 Olgreb's Toxic Radiance  Alch           0%         N/A       100%        4
 Passage of Golubria      Tloc           0%         N/A       100%        4
 Summon Blazeheart Golem  Fire/Summ      0%         N/A       100%        4
 Freezing Cloud           Conj/Ice/Air   0%         6-21      100%        5
 Iskenderun's Battlesphe  Conj           0%         2d6       100%        5
 Yara's Violent Unravell  Hex/Alch       0%         3d3       100%        5
 Bombard                  Conj/Erth      0%         9d1       100%        6
 Dispersal                Tloc           0%         N/A       100%        6
 Starburst                Conj/Fire      0%         6d3       100%        6
 Ozocubu's Refrigeration  Ice            0%         4d7       100%        7
 Spellforged Servitor     Conj/Summ      0%         N/A       100%        7
 Discord                  Hex            0%         N/A       100%        8
 Disjunction              Tloc           0%         N/A       100%        8
 Maxwell's Capacitive Co  Air            0%         ∞         100%        8

Inventory:

Missiles
 x - 4 curare-tipped darts {=f}
 B - 19 large rocks {=f}
Armour
 a - a +0 animal skin
 D - a scarf of resistance
 E - a +0 cloak (worn)
 L - a +0 kite shield (worn)
 Q - +0 acid dragon scales (worn)
Jewellery
 f - a ring of see invisible
 m - a ring of ice
 w - a ring of magical power
 H - a ring of protection from cold (left claw)
 T - a ring of resist corrosion (right claw)
Talismans
 c - a beast talisman
 d - a flux talisman
 k - a maw talisman
 I - a blade talisman
Wands
 s - a wand of roots (23)
 N - a wand of flame (40)
 O - a wand of charming (5)
 W - a wand of digging (5)
Scrolls
 e - 3 scrolls of teleportation {@r4}
 g - 3 scrolls of fog
 l - 3 scrolls of noise {!r}
 p - 2 scrolls of enchant weapon
 t - a scroll of revelation {unknown}
 y - a scroll of enchant armour {unknown}
 C - a scroll of fear
 F - 3 scrolls of vulnerability {!r}
 G - 2 scrolls of poison {!r}
 K - 2 scrolls of blinking
 P - a scroll of immolation {!r}
 U - a scroll of torment {unknown}
 V - a scroll of identify {@r1}
Potions
 b - 4 potions of lignification {!q}
 h - 3 potions of brilliance {unknown}
 i - a potion of ambrosia {unknown}
 j - 4 potions of might {unknown}
 n - a potion of berserk rage {unknown}
 o - 4 potions of mutation {unknown}
 q - a potion of heal wounds {unknown}
 r - 4 potions of curing {@q1}
 v - 2 potions of attraction {unknown}
 z - 2 potions of resistance {unknown}
 A - 3 potions of haste {unknown}
 J - 5 potions of degeneration {!q}
 M - a potion of enlightenment {unknown}
 R - a potion of invisibility {unknown}
 S - a potion of magic {unknown}

Dungeon Overview and Level Annotations

Branches:
Dungeon (13/15)            Temple (1/1) D:7            Lair (0/5) D:10
    Orc (0/2) D:10          Sewer (visited)
 Vaults: D:13-14

Altars:
Ashenzari
Cheibriados
Dithmenos
Elyvilon
Fedhas
Gozag
Hepliaklqana
Kikubaaqudgha
Makhleb
Nemelex Xobeh
Okawaru
Qazlal
Ru
Sif Muna
Trog
Uskayaw
Vehumet
Wu Jian
Xom
Yredelemnul
Zin
The Shining One

Annotations:
D:9 2 transporters, zaque's ghost, journeyman MiBe
D:10 exclusion: 2 downstairs
D:12 Rupert

... ▒▒.. ..
.... ▒. ▒J.▒ ▒c
▒..▒ ▒.
▒..▒▒▒▒▒▒▒
▒.▒▒.#.▒....▒
▒... ▒.J#...▒
▒▒▒..▒▒▒p#T...▒
▒.....)).▒▒▒▒▒▒
.....▒▒.▒▒▒▒▒
..▒ ▒.▒ ▒.▒
▒▒▒▒.▒ ▒....▒▒
▒...u.▒▒
▒......▒


You could see a death knight (reflects damage) and 2 slime creatures.


Message History

Something gnaws on your mind!
* * * LOW HITPOINT WARNING * * *
You feel your power leaking away.
Unknown command.
You mangle the kobold demonologist!!
The kobold demonologist is almost dead.
The death knight hits you from afar with a +0 glaive!!
* * * LOW HITPOINT WARNING * * *
The kobold demonologist gestures wildly while chanting.
The neqoxec barely misses you. The slime creature barely misses you.
Unknown command.
You mangle the kobold demonologist!!
You kill the kobold demonologist!
The Shining One accepts your kill.
The death knight calls down the wrath of Yredelemnul upon you.
You struggle to resist.
The slime creature hits you.
* * * LOW HITPOINT WARNING * * *
Unknown command.
Unknown command.
The slime creature quivers.
The death knight hits you from afar with a +0 glaive!
* * * LOW HITPOINT WARNING * * *
You block the slime creature's attack.
Unknown command.
You mangle the slime creature!!
The slime creature is moderately wounded.
The death knight hits you from afar with a +0 glaive!!
You die...

Action                     |  1- 3 |  4- 6 |  7- 9 | 10-12 || total
---------------------------+-------+-------+-------+-------++-------
  Melee: Unarmed           |   108 |   112 |   266 |   552 ||  1038
         Punch             |     1 |     2 |     8 |     3 ||    14
 Invoke: Divine Shield     |       |       |       |     4 ||     4
    Use: Scroll            |       |       |       |    11 ||    11
         Potion            |       |       |       |     3 ||     3
   Stab: Sleeping          |     2 |       |     1 |       ||     3
 Armour: Animal skin       |    64 |    72 |   185 |    29 ||   350
         Skin              |       |       |       |    60 ||    60
         Acid dragon scale |       |       |       |   317 ||   317
  Dodge: Dodged            |    57 |    48 |   127 |   174 ||   406
  Block: Kite shield       |       |       |       |   193 ||   193
         Form:             |       |       |       |     2 ||     2
         Blade             |       |       |       |     1 ||     1
         Beast             |       |       |       |     1 ||     1
         Flux              |       |       |       |     1 ||     1

Levels and vault maps discovered:
D:1:      nicolae_arrival_somewhat_less_tricky_arrival, layout_basic
D:2:      layout_basic
D:3:      layout_loops_ring, mainiacjoe_overflow_chevrons,
          dilly_ecumenical_altar_fadedgnrine, hellmonk_ghost_happy_afterlife
D:4:      cheibrodos_old_hovel, layout_cave_pools,
          mainiacjoe_overflow_cross_hatched, portal_sewer_entry_f,
          uniq_crazy_yiuf_cottage
D:5:      layout_basic, st_stairs_13, nicolae_figureground_sparkle,
          uniq_grinder, uniq_menkaure
D:6:      layout_loops_ring, kennysheep_mini_moat, mainiacjoe_overflow_brackets,
          uniq_eustachio, uniq_blork_the_orc
D:7:      layout_layer_cave, minmay_temple_entry_slanted, uniq_duvessa
D:8:      layout_rooms, minitemple, nicolae_overflow_crystal_walls,
          elyvilon_altar_1, serial_rivers, chequers_serial_rivers_large_a,
          chequers_serial_rivers_room_b, chequers_serial_rivers_micro_e,
          chequers_serial_rivers_micro_d, chequers_serial_rivers_small_3,
          uniq_maggie
D:9:      layout_basic, gammafunk_ghost_arena
D:10:     layout_long_grid, dpeg_lair_monsters, orc_0_dummy
D:11:     layout_basic
D:12:     layout_cave_pods, uniq_rupert
D:13:     layout_rooms
Temple:   zaba_magenta_temple

Notes
Turn   | Place    | Note
-------+----------+-------------------------------------------
     0 | D:1      | sanka the Troll Shapeshifter began the quest for the Orb.
     0 | D:1      | Reached XP level 1. HP: 18/18 MP: 0/0
    93 | D:1      | Reached skill level 1 in Fighting
   207 | D:1      | Reached XP level 2. HP: 28/28 MP: 1/1
   437 | D:1      | Reached skill level 2 in Fighting
   711 | D:1      | Reached XP level 3. HP: 36/36 MP: 2/2
  1090 | D:2      | Reached skill level 3 in Fighting
  1187 | D:2      | Identified the +2 dagger "Alouleb" {freeze, Int+3 Dex+2}
  1293 | D:2      | Noticed an ogre
  1300 | D:2      | Killed an ogre
  1301 | D:2      | Reached skill level 4 in Unarmed Combat
  1301 | D:2      | Reached XP level 4. HP: 25/45 MP: 3/3
  1301 | D:2      | Reached XP level 5. HP: 30/53 MP: 4/4
  1600 | D:3      | Found a glowing silver altar of Zin.
  1618 | D:3      | Found a runed translucent door.
  1618 | D:3      | Noticed dakkaduck's ghost (amateur MiBe)
  2126 | D:3      | Found a faded altar of an unknown god.
  2242 | D:4      | Found a hide-covered altar of Uskayaw.
  2358 | D:4      | Found a glowing drain.
  2392 | D:4      | Reached skill level 5 in Unarmed Combat
  2392 | D:4      | Reached XP level 6. HP: 61/61 MP: 5/5
  2505 | D:4      | Reached skill level 4 in Shapeshifting
  2598 | Sewer    | Entered a sewer
  2829 | Sewer    | Reached skill level 6 in Unarmed Combat
  2882 | Sewer    | Reached XP level 7. HP: 61/67 MP: 6/6
  3216 | D:4      | Identified the +3 hammer of the Spectre {holy, Str+2}
  3219 | D:4      | Found a runed translucent door.
  3220 | D:4      | Noticed Crazy Yiuf
  3493 | D:4      | Identified a scarf of resistance
  3550 | D:4      | Killed Crazy Yiuf
  3551 | D:4      | Reached skill level 5 in Shapeshifting
  3722 | D:5      | Entered Level 5 of the Dungeon
  3746 | D:5      | Noticed Menkaure
  3752 | D:5      | Killed Menkaure
  3753 | D:5      | Reached skill level 7 in Unarmed Combat
  3955 | D:5      | Reached XP level 8. HP: 75/75 MP: 7/7
  4055 | D:5      | HP: 4/75 [ogre/+0 giant club (34)]
  4058 | D:5      | Reached skill level 8 in Unarmed Combat
  4278 | D:5      | Reached skill level 6 in Shapeshifting
  4425 | D:5      | Noticed Grinder
  4428 | D:5      | Killed Grinder
  4429 | D:5      | Reached skill level 9 in Unarmed Combat
  4656 | D:6      | Reached XP level 9. HP: 52/81 MP: 8/8
  4664 | D:6      | Reached skill level 10 in Unarmed Combat
  4664 | D:6      | Reached skill level 7 in Shapeshifting
  4838 | D:6      | Noticed Blork the orc
  4845 | D:6      | Killed Blork the orc
  4864 | D:6      | Found a stormy altar of Qazlal.
  4897 | D:6      | Reached skill level 8 in Shapeshifting
  4995 | D:6      | Found a blossoming altar of Fedhas.
  5314 | D:6      | Noticed Eustachio
  5324 | D:6      | Killed Eustachio
  5539 | D:7      | Reached skill level 9 in Shapeshifting
  5756 | D:7      | Found a staircase to the Ecumenical Temple.
  5780 | Temple   | Entered the Ecumenical Temple
  5784 | Temple   | Became a worshipper of the Shining One
  6217 | D:7      | Noticed Dowan
  6218 | D:7      | Noticed Duvessa
  6442 | D:7      | Killed Duvessa
  6466 | D:7      | Killed Dowan
  6872 | D:8      | Found a white marble altar of Elyvilon.
  7105 | D:8      | Reached skill level 10 in Shapeshifting
  7105 | D:8      | Reached XP level 10. HP: 25/91 MP: 9/9
  7367 | D:8      | Found a sparkling altar of Nemelex Xobeh.
  7434 | D:8      | Identified +0 acid dragon scales
  7434 | D:8      | Noticed Maggie
  7470 | D:8      | Killed Maggie
  7471 | D:8      | Reached skill level 4 in Fighting
  7851 | D:8      | Reached * piety under the Shining One
  7914 | D:8      | Found a shimmering altar of Xom.
  7923 | D:8      | Found a shimmering blue altar of Sif Muna.
  8119 | D:9      | Found a transporter.
  8121 | D:9      | Noticed zaque's ghost (journeyman MiBe)
  8137 | D:9      | Noticed a two-headed ogre
  8155 | D:9      | Killed a two-headed ogre
  8156 | D:9      | Reached skill level 5 in Fighting
  8401 | D:9      | Reached skill level 6 in Fighting
  8473 | D:9      | Reached ** piety under the Shining One
  8528 | D:9      | Reached skill level 7 in Fighting
  8640 | D:9      | Found a transporter.
  8862 | D:9      | Reached skill level 8 in Fighting
  8907 | D:9      | Noticed a two-headed ogre
  8921 | D:9      | Killed a two-headed ogre
  8922 | D:9      | Reached skill level 1 in Shields
  8922 | D:9      | Reached skill level 1 in Invocations
  8922 | D:9      | Reached XP level 11. HP: 86/111 MP: 6/11
  9425 | D:3      | Killed dakkaduck's ghost
  9667 | D:10     | Entered Level 10 of the Dungeon
  9689 | D:9      | Reached skill level 2 in Shields
  9689 | D:9      | Reached skill level 2 in Invocations
  9753 | D:10     | Noticed a deep elf pyromancer
  9767 | D:10     | Killed a deep elf pyromancer
  9809 | D:10     | Noticed a death yak
  9820 | D:10     | Killed a death yak
  9821 | D:10     | Reached skill level 3 in Shields
  9821 | D:10     | Reached skill level 3 in Invocations
  9852 | D:10     | Found a staircase to the Lair.
  9917 | D:10     | Noticed a death yak
  9941 | D:10     | Killed a death yak
  9950 | D:10     | Reached skill level 4 in Shields
  9950 | D:10     | Reached skill level 4 in Invocations
 10163 | D:10     | Noticed a death yak
 10163 | D:10     | Noticed a death yak
 10165 | D:10     | Noticed a death yak
 10180 | D:10     | Killed a death yak
 10185 | D:10     | HP: 9/111 [death yak (8)]
 10187 | D:10     | Killed a death yak
 10188 | D:10     | Reached skill level 5 in Shields
 10188 | D:10     | Reached skill level 5 in Invocations
 10291 | D:10     | Killed a death yak
 10294 | D:10     | Reached skill level 6 in Shields
 10471 | D:10     | Found a staircase to the Orcish Mines.
 10706 | D:10     | Reached skill level 7 in Shields
 11026 | D:11     | Noticed a boulder beetle
 11045 | D:11     | Killed a boulder beetle
 11046 | D:11     | Reached XP level 12. HP: 83/119 MP: 14/14
 11110 | D:11     | Reached *** piety under the Shining One
 11248 | D:11     | Noticed a two-headed ogre
 11259 | D:11     | Killed a two-headed ogre
 11458 | D:11     | Noticed a two-headed ogre
 11470 | D:11     | Killed a two-headed ogre
 11614 | D:11     | Noticed a two-headed ogre
 11622 | D:11     | Killed a two-headed ogre
 11623 | D:11     | Reached skill level 11 in Unarmed Combat
 11821 | D:11     | Reached skill level 8 in Shields
 11870 | D:12     | Identified +0 acid dragon scales
 11888 | D:12     | Noticed Rupert
 11990 | D:12     | Noticed a boulder beetle
 12005 | D:12     | Killed a boulder beetle
 12051 | D:12     | Noticed a boulder beetle
 12076 | D:12     | Killed a boulder beetle
 12536 | D:11     | Upgraded the game from 0.31.0-10-gcf4a605ca0 to
                  | 0.31.0-11-ge490571c62
 12609 | D:12     | Paralysed by Rupert for 3 turns
 12613 | D:12     | Paralysed by Rupert for 2 turns
 12925 | D:13     | Noticed a centaur warrior
 12930 | D:13     | Killed a centaur warrior
 12931 | D:13     | Reached skill level 12 in Unarmed Combat
 12941 | D:13     | Reached skill level 9 in Fighting
 13122 | D:13     | Reached **** piety under the Shining One
 13243 | D:13     | Noticed a centaur warrior
 13258 | D:13     | Killed a centaur warrior
 13277 | D:13     | Noticed a death knight
 13288 | D:13     | Gained mutation: Your magical capacity is low. (-10% MP) [a
                  | neqoxec]
 13290 | D:13     | HP: 1/123 [death knight/+0 glaive (27)]
 13293 | D:13     | Annihilated by a death knight

Vanquished Creatures
  2 centaur warriors (D:13)
  3 boulder beetles
  5 two-headed ogres
  5 death yaks (D:10)
  3 deep elf pyromancers
  3 cyclopes
  An ugly thing (D:13)
  2 manticores
  2 gargoyles
  Maggie (D:8)
  A kobold demonologist (D:13)
  2 unseen horrors
  A komodo dragon (D:12)
  A troll (D:10)
  Grinder (D:5)
  2 slime creatures (D:13)
  2 shadows
  3 wraiths
  25 yaks
  A golden eye (shapeshifter) (D:13)
  Eustachio (D:6)
  17 vampire mosquitoes
  Menkaure (D:5)
  An acid dragon (D:12)
  Duvessa (D:7)
  A water moccasin (D:9)
  2 orc warriors (D:8)
  The ghost of dakkaduck the Chopper, an amateur MiBe of Trog (D:3)
  2 ogres
  8 centaurs
  A phantom (D:5)
  6 kobold brigands
  Blork the orc (D:6)
  A bullfrog (D:6)
  A brain worm (Sewer)
  3 gnoll sergeants
  5 scorpions
  8 wights (D:9)
  Dowan (D:7)
  3 killer bees
  4 howler monkeys
  A jelly (D:5)
  3 bombardier beetles
  4 hounds
  3 orc priests
  Crazy Yiuf (D:4)
  2 gnoll boudas
  2 iguanas
  5 orc wizards
  4 sleepcaps
  26 gnolls
  9 adders
  2 river rats (Sewer)
  2 shadow imps (D:7)
  4 white imps
  6 ufetubi
  3 ribbon worms (Sewer)
  A dart slug (D:1)
  25 orcs
  4 ball pythons
  6 endoplasms
  7 giant cockroaches
  9 goblins
  8 hobgoblins
  2 jackals (D:4)
  9 quokkas
  2 bats
  2 frilled lizards
  22 kobolds
  9 rats
318 creatures vanquished.

Vanquished Creatures (others)
  An orc wizard (D:5)
1 creature vanquished.

Grand Total: 319 creatures vanquished
